 Dungeon Sprint DCSS version 0.28.0-45-g0d030f2227 (webtiles) character file.

Game seed: 12558277305554465688

8300000 Zeld the Intangible (level 27, -6/298 HPs)
             Began as a Deep Dwarf Monk on Apr 18, 2022.
             Was the Champion of Makhleb.
             Killed from afar by a dread (20 damage)
             ... with damnation
             ... in the Dungeon (Sprint VIII: "Arena of Blood").
             The game lasted 00:02:25 (83 turns).

Zeld the Intangible (Deep Dwarf Monk)                 Turns: 83, Time: 00:02:25

Health: -6/298     AC:  4    Str: 28    XL:     27
Magic:  33/50      EV: 27    Int: 12    God:    Makhleb [******]
Gold:   0          SH:  0    Dex: 15    Spells: 73/73 levels left

rFire   . . .      SeeInvis .   h - +∞ Axe of Woe
rCold   . . .      Faith    .   (shield currently unavailable)
rNeg    + . .      Spirit   .   a - +0 robe
rPois   .          Reflect  .   (no helmet)
rElec   .          Harm     .   (no cloak)
rCorr   .          Rampage  .   (no gloves)
Will    ++++.      NoTele   +   (no boots)
Stlth   +++++++++.              (no amulet)
HPRegen 0.00/turn               (no ring)
MPRegen 0.32/turn               (no ring)

@: slowed, very slow
A: damage resistance, heal wounds, negative energy resistance 1, sense
surroundings 3, no regeneration
a: Heal Wounds, Renounce Religion, Minor Destruction, Lesser Servant of Makhleb,
Major Destruction, Greater Servant of Makhleb


You were in the Dungeon.
You worshipped Makhleb.
Makhleb was exalted by your worship.
You visited 1 branch

Inventory:

Hand Weapons
 h - the +∞ Axe of Woe (weapon)
   (You found it in the Dungeon)
Armour
 a - a +0 robe (worn)
Scrolls
 g - a scroll of blinking
Potions
 b - a potion of curing
 c - a potion of heal wounds
 d - a potion of haste
 e - 2 potions of magic
 f - a potion of berserk rage


   Skills:
 O Level 27 Fighting
 + Level 25.9(27) Short Blades
 O Level 27 Long Blades
 O Level 27 Axes
 O Level 27 Maces & Flails
 + Level 25.4(27) Polearms
 + Level 25.1(27) Staves
 O Level 27 Slings
 + Level 21.6 Bows
 O Level 27 Crossbows
 + Level 25.1(27) Throwing
 O Level 27 Armour
 O Level 27 Dodging
 O Level 27 Stealth
 O Level 27 Shields
 O Level 27 Unarmed Combat
 + Level 23.8 Spellcasting
 + Level 25.6 Conjurations
 + Level 23.8 Hexes
 + Level 25.6 Summonings
 O Level 27 Necromancy
 O Level 27 Translocations
 + Level 25.6 Transmutations
 + Level 25.6 Fire Magic
 + Level 25.6 Ice Magic
 + Level 22.0 Air Magic
 O Level 27 Earth Magic
 + Level 23.7 Poison Magic
 O Level 27 Invocations
 O Level 27 Evocations


You had 73 spell levels left.
You didn't know any spells.
Your spell library was empty.

Dungeon Overview and Level Annotations

Branches:
Dungeon (1/1)

Altars:
Makhleb


Innate Abilities, Weirdness & Mutations

You are resistant to damage.
You can heal yourself by infusing magical energy.
You resist negative energy. (rN+)
You passively map a large area around you.
You do not regenerate.


Message History

The destroyer points at you and mumbles some strange words.
The destroyer blinks!
The dread calls on the powers of darkness!
The eight-headed meat hydra convulses!
Your body is wracked with pain!
* * * LOW HITPOINT WARNING * * *
The meat berserker convulses!
You hear a shout!
A bag of meat comes into view. It is wielding a +9 war axe.
You hear a shout!
Your base Short Blades skill increases to level 25!
You have mastered Long Blades!
You have mastered Maces & Flails!
Your base Polearms skill increases to level 25!
Your base Staves skill increases to level 25!
Your Bows skill increases to level 21!
Your base Throwing skill increases to level 25!
Your Conjurations skill increases to level 25!
Your Summonings skill increases to level 25!
Your Transmutations skill increases to level 25!
Your Fire Magic skill increases to level 25!
Your Ice Magic skill increases to level 25!
Your Air Magic skill increases to level 22!
Your Poison Magic skill increases to level 23!
A meat berserker and 3 bags of meat come into view.
You hear a shout! x4
A bag of meat comes into view. It is wielding a +9 war axe.
You hear a shout!
The dread throws damnation at you.
The sphere of damnation explodes!
The damnation engulfs you!!
* * * LOW HITPOINT WARNING * * *
You hear a shout!
A sculptor of flesh comes into view. It is wielding a +9 great sword.
The eight-headed meat hydra calls on the powers of darkness!
The eight-headed meat hydra convulses!
The bag of meat convulses! x3
The meat berserker convulses!
The bag of meat convulses! x3
Your body is wracked with pain!
* * * LOW HITPOINT WARNING * * *
The eight-headed meat hydra convulses!
The dread throws damnation at you.
The sphere of damnation explodes!
The damnation engulfs you!!
You die...

, ,.o ....... , ,,
o......o. , , , , * ,
, , #z.....o# , , ,,
, . #.o. W{W# .. *
,,*
.o###.D.,.§W###... ,
, ,
......###oo......,, *
, ,
,,*,....O.V_V))......
, * ,, #.))))# ,, , *
, ,,, #_)@)_# , , ,,,
, , #.)).)# , , , ,,
, ......)_)...... , ,
, ..W..D###......, *,
,,,, ,.z###...
.W.###.. ,, , . #...
...# ,,., ,, , , , ,
#o.. ...#, ,, , * ,
o........ ,, , ,, , ,
.. .. , ,,,,


You could see 2 eight-headed meat hydras, 2 destroyers, 2 sculptors of flesh, 4
dreads, a meat berserker (berserk) and 9 bags of meat.

Vanquished Creatures
  6 hell beasts (D)
  3 royal mummies (D)
  4 wraiths (D)
  12 vampire knights (D)
  32 ogres (D)
  A two-headed ogre (D)
  A lich (D)
  37 orcs (D)
  A phantom (D)
  4 skeletal warriors (D)
101 creatures vanquished.

Notes
Turn   | Place    | Note
-------+----------+-------------------------------------------
     0 | D        | Found the +∞ Axe of Woe
     0 | D        | Zeld the Deep Dwarf Monk began the quest for the Orb.
     0 | D        | Reached XP level 1. HP: 20/20 MP: 1/1
     2 | D        | Noticed a meat berserker
     4 | D        | Became a worshipper of Makhleb the Destroyer
     4 | D        | Reached * piety under Makhleb
     4 | D        | Reached ** piety under Makhleb
     5 | D        | Noticed a bag of meat
     5 | D        | Noticed a bag of meat
     5 | D        | Noticed a bag of meat
     6 | D        | Noticed a meat berserker
     6 | D        | Killed a meat berserker
     6 | D        | Noticed a meat berserker
     6 | D        | Noticed a bag of meat
     7 | D        | Reached skill level 15 in Fighting
     7 | D        | Reached skill level 15 in Unarmed Combat
     7 | D        | Reached XP level 2. HP: 54/54 MP: 2/2
     7 | D        | Reached XP level 3. HP: 61/61 MP: 3/3
     7 | D        | Reached XP level 4. HP: 69/69 MP: 4/4
     7 | D        | Reached XP level 5. HP: 76/76 MP: 5/5
     7 | D        | Reached XP level 6. HP: 85/85 MP: 6/6
     7 | D        | Reached XP level 7. HP: 92/92 MP: 7/7
     7 | D        | Reached XP level 8. HP: 102/102 MP: 8/8
     7 | D        | Gained mutation: You passively map the area around you.
                  | [Deep Dwarf growth]
     7 | D        | Reached XP level 9. HP: 109/109 MP: 9/9
     7 | D        | Reached XP level 10. HP: 117/117 MP: 10/10
     7 | D        | Reached XP level 11. HP: 124/124 MP: 11/11
     7 | D        | Noticed a bag of meat
     7 | D        | Noticed a bag of meat
     8 | D        | Killed a meat berserker
     8 | D        | Noticed a meat berserker
     8 | D        | Noticed a bag of meat
     9 | D        | Reached XP level 12. HP: 139/139 MP: 12/12
     9 | D        | Reached XP level 13. HP: 146/146 MP: 13/13
     9 | D        | Killed a bag of meat
     9 | D        | Killed a bag of meat
     9 | D        | Reached *** piety under Makhleb
     9 | D        | Noticed a meat berserker
    10 | D        | Reached skill level 10 in Stealth
    10 | D        | Killed a meat berserker
    10 | D        | Killed a bag of meat
    10 | D        | Noticed a meat berserker
    11 | D        | Gained mutation: You resist negative energy. (rN+) [Deep
                  | Dwarf growth]
    11 | D        | Reached XP level 14. HP: 45/165 MP: 14/14
    11 | D        | Killed a bag of meat
    11 | D        | Reached **** piety under Makhleb
    11 | D        | Killed a meat berserker
    11 | D        | Killed a bag of meat
    11 | D        | Noticed a meat berserker
    12 | D        | Reached skill level 15 in Axes
    12 | D        | Reached XP level 15. HP: 125/180 MP: 15/15
    12 | D        | Killed a meat berserker
    13 | D        | Reached skill level 27 in Dodging
    13 | D        | Reached XP level 16. HP: 180/193 MP: 16/16
    13 | D        | Killed a meat berserker
    13 | D        | Reached ***** piety under Makhleb
    13 | D        | Noticed a meat berserker
    14 | D        | Killed a meat berserker
    15 | D        | Noticed a meat berserker
    16 | D        | Killed a meat berserker
    17 | D        | Reached skill level 27 in Fighting
    17 | D        | Reached skill level 15 in Stealth
    17 | D        | Reached skill level 27 in Unarmed Combat
    18 | D        | Killed a meat berserker
    18 | D        | Noticed a destroyer
    18 | D        | Noticed a meat berserker
    19 | D        | Reached skill level 27 in Axes
    19 | D        | Reached XP level 17. HP: 208/208 MP: 17/17
    19 | D        | Noticed a destroyer
    19 | D        | Noticed a meat berserker
    20 | D        | Noticed a destroyer
    20 | D        | Killed a destroyer
    21 | D        | Reached skill level 27 in Stealth
    21 | D        | Noticed a meat berserker
    21 | D        | Noticed a destroyer
    22 | D        | Noticed a meat berserker
    22 | D        | Noticed a large bag of meat
    23 | D        | Killed a meat berserker
    23 | D        | Killed a destroyer
    23 | D        | Reached ****** piety under Makhleb
    24 | D        | Reached skill level 5 in Long Blades
    24 | D        | Reached skill level 5 in Maces & Flails
    24 | D        | Reached skill level 5 in Slings
    24 | D        | Reached skill level 5 in Crossbows
    24 | D        | Reached skill level 5 in Armour
    24 | D        | Reached skill level 5 in Shields
    24 | D        | Reached skill level 5 in Necromancy
    24 | D        | Reached skill level 5 in Translocations
    24 | D        | Gained mutation: You passively map a large area around you.
                  | [Deep Dwarf growth]
    24 | D        | Reached XP level 18. HP: 218/218 MP: 17/24
    24 | D        | Killed a destroyer
    24 | D        | Noticed a destroyer
    25 | D        | Reached skill level 5 in Short Blades
    25 | D        | Reached skill level 5 in Polearms
    25 | D        | Reached skill level 5 in Staves
    25 | D        | Reached skill level 5 in Throwing
    25 | D        | Reached skill level 5 in Spellcasting
    25 | D        | Reached skill level 5 in Conjurations
    25 | D        | Reached skill level 5 in Hexes
    25 | D        | Reached skill level 5 in Summonings
    25 | D        | Reached skill level 5 in Transmutations
    25 | D        | Reached skill level 5 in Fire Magic
    25 | D        | Reached skill level 5 in Ice Magic
    25 | D        | Reached skill level 5 in Poison Magic
    25 | D        | Noticed a destroyer
    26 | D        | Killed a destroyer
    26 | D        | Killed a meat berserker
    26 | D        | Killed a destroyer
    26 | D        | Noticed a meat berserker
    27 | D        | Reached XP level 19. HP: 226/226 MP: 17/29
    29 | D        | Killed a meat berserker
    30 | D        | Reached skill level 10 in Slings
    30 | D        | Reached skill level 10 in Crossbows
    30 | D        | Reached skill level 10 in Armour
    30 | D        | Reached skill level 10 in Shields
    30 | D        | Reached skill level 10 in Necromancy
    30 | D        | Reached skill level 10 in Translocations
    32 | D        | Killed a destroyer
    33 | D        | Reached skill level 10 in Long Blades
    33 | D        | Reached skill level 10 in Maces & Flails
    33 | D        | Reached XP level 20. HP: 236/236 MP: 18/32
    33 | D        | Noticed a destroyer
    33 | D        | Killed a meat berserker
    33 | D        | Noticed a meat berserker
    34 | D        | Reached skill level 10 in Conjurations
    34 | D        | Reached skill level 10 in Transmutations
    34 | D        | Reached skill level 10 in Fire Magic
    34 | D        | Reached skill level 10 in Ice Magic
    35 | D        | Killed a destroyer
    36 | D        | Reached skill level 10 in Short Blades
    36 | D        | Reached skill level 10 in Polearms
    36 | D        | Reached skill level 10 in Staves
    36 | D        | Reached skill level 10 in Throwing
    36 | D        | Reached skill level 10 in Summonings
    36 | D        | Noticed a destroyer
    37 | D        | Reached skill level 15 in Earth Magic
    37 | D        | Reached skill level 15 in Invocations
    37 | D        | Reached skill level 15 in Evocations
    37 | D        | Noticed a destroyer
    37 | D        | Noticed a destroyer
    38 | D        | Killed a meat berserker
    38 | D        | Killed a destroyer
    38 | D        | Noticed a meat berserker
    39 | D        | Reached skill level 10 in Spellcasting
    39 | D        | Reached skill level 10 in Hexes
    39 | D        | Reached skill level 10 in Poison Magic
    39 | D        | Reached XP level 21. HP: 244/244 MP: 19/35
    39 | D        | Killed a destroyer
    39 | D        | Noticed a destroyer
    40 | D        | Reached skill level 10 in Bows
    40 | D        | Reached skill level 10 in Air Magic
    41 | D        | Noticed a destroyer
    41 | D        | Noticed a tyrant
    42 | D        | Killed a destroyer
    43 | D        | Reached skill level 15 in Slings
    43 | D        | Reached skill level 15 in Crossbows
    43 | D        | Reached skill level 15 in Armour
    43 | D        | Reached skill level 15 in Shields
    43 | D        | Reached skill level 15 in Necromancy
    43 | D        | Reached skill level 15 in Translocations
    43 | D        | Noticed an accursed
    44 | D        | Reached XP level 22. HP: 254/254 MP: 20/38
    45 | D        | Killed a destroyer
    45 | D        | Killed a destroyer
    46 | D        | Reached skill level 15 in Long Blades
    46 | D        | Reached skill level 15 in Maces & Flails
    46 | D        | Killed a large bag of meat
    46 | D        | Killed a tyrant
    50 | D        | Reached skill level 15 in Short Blades
    50 | D        | Reached skill level 15 in Polearms
    50 | D        | Reached skill level 15 in Staves
    50 | D        | Reached skill level 15 in Throwing
    50 | D        | Reached skill level 15 in Conjurations
    50 | D        | Reached skill level 15 in Summonings
    50 | D        | Reached skill level 15 in Transmutations
    50 | D        | Reached skill level 15 in Fire Magic
    50 | D        | Reached skill level 15 in Ice Magic
    50 | D        | Killed an accursed
    51 | D        | Reached XP level 23. HP: 262/262 MP: 22/41
    55 | D        | Reached skill level 15 in Spellcasting
    55 | D        | Reached skill level 15 in Hexes
    55 | D        | Reached skill level 15 in Poison Magic
    55 | D        | Noticed an accursed
    55 | D        | Noticed an accursed
    56 | D        | Reached XP level 24. HP: 251/272 MP: 23/42
    60 | D        | Noticed a dread
    62 | D        | Reached skill level 15 in Bows
    62 | D        | Reached skill level 15 in Air Magic
    62 | D        | Noticed a meat beast
    63 | D        | Noticed a destroyer
    64 | D        | Noticed a meat beast
    65 | D        | Noticed a dread
    66 | D        | Killed a meat beast
    66 | D        | Killed an accursed
    67 | D        | Reached XP level 25. HP: 63/280 MP: 27/44
    67 | D        | Killed a meat beast
    67 | D        | Noticed a meat beast
    68 | D        | Noticed a dread
    68 | D        | Noticed a dread
    69 | D        | Reached XP level 26. HP: 106/290 MP: 27/45
    69 | D        | Killed an accursed
    69 | D        | Noticed a meat beast
    70 | D        | Reached skill level 27 in Earth Magic
    70 | D        | Reached skill level 27 in Invocations
    70 | D        | Reached skill level 27 in Evocations
    72 | D        | Killed a meat beast
    72 | D        | Killed a dread
    73 | D        | Reached XP level 27. HP: 278/298 MP: 29/47
    73 | D        | Killed a dread
    73 | D        | Killed a meat beast
    74 | D        | Noticed a meat beast
    75 | D        | Killed a dread
    76 | D        | Reached skill level 27 in Necromancy
    76 | D        | Reached skill level 27 in Translocations
    76 | D        | Noticed a dread
    76 | D        | Noticed a dread
    77 | D        | Killed a meat beast
    78 | D        | Reached skill level 27 in Slings
    78 | D        | Reached skill level 27 in Crossbows
    78 | D        | Reached skill level 27 in Armour
    78 | D        | Reached skill level 27 in Shields
    78 | D        | Killed a dread
    81 | D        | Noticed a destroyer
    81 | D        | Noticed a dread
    81 | D        | Noticed a meat beast
    81 | D        | Noticed a dread
    81 | D        | Noticed an accursed
    82 | D        | Killed a meat beast
    83 | D        | Reached skill level 27 in Long Blades
    83 | D        | Reached skill level 27 in Maces & Flails
    83 | D        | HP: 14/298 [??? (7)]
    83 | D        | Killed from afar by a dread

Illustrated notes

Levels and vault maps discovered:
D:        meatsprint

Skill      XL: |  1  2  3  4  5  6  7  8  9 10 11 12 13 14 15 16 17 18 19 20 21 22 23 24 25 26 27 |
---------------+----------------------------------------------------------------------------------+-----
Fighting       | 15 18 21 23 24 27 | 27.0
Axes           | 4 6 12 15 18 27 | 27.0
Dodging        | 18 20 24 26 27 | 27.0
Stealth        | 8 9 11 12 13 20 27 | 27.0
Unarmed Combat | 15 18 21 23 24 27 | 27.0
Short Blades   | 4 8 9 11 13 15 16 19 21 25 | 25.9
Long Blades    | 5 8 10 12 14 17 18 20 21 23 27 | 27.0
Maces & Flails | 5 8 10 12 14 17 18 20 21 23 27 | 27.0
Polearms       | 4 8 9 11 13 15 16 19 21 25 | 25.4
Staves         | 4 8 9 11 13 15 16 19 21 25 | 25.1
Slings         | 5 9 11 13 15 18 19 22 23 25 27 | 27.0
Bows           | 3 6 8 9 11 13 14 16 17 18 21 | 21.6
Crossbows      | 5 9 11 13 15 18 19 22 23 25 27 | 27.0
Throwing       | 4 8 9 11 13 15 16 19 21 25 | 25.1
Armour         | 5 9 11 13 15 18 19 22 23 25 27 | 27.0
Shields        | 5 9 11 13 15 18 19 22 23 25 27 | 27.0
Spellcasting   | 4 7 8 10 12 14 15 17 18 20 23 | 23.8
Conjurations   | 4 8 9 11 13 15 16 19 21 25 | 25.6
Hexes          | 4 7 8 10 12 14 15 17 18 20 23 | 23.8
Summonings     | 4 8 9 11 13 15 16 19 21 25 | 25.6
Necromancy     | 5 9 11 13 15 18 19 22 23 25 27 | 27.0
Translocations | 5 9 11 13 15 18 19 22 23 25 27 | 27.0
Transmutations | 4 8 9 11 13 15 16 19 21 25 | 25.6
Fire Magic     | 4 8 9 11 13 15 16 19 21 25 | 25.6
Ice Magic      | 4 8 9 11 13 15 16 19 21 25 | 25.6
Air Magic      | 3 6 8 9 11 13 14 16 17 18 22 | 22.0
Earth Magic    | 6 11 13 16 18 21 23 25 26 27 | 27.0
Poison Magic   | 4 7 8 10 12 14 15 17 18 20 23 | 23.7
Invocations    | 6 11 13 16 18 21 23 25 26 27 | 27.0
Evocations     | 6 11 13 16 18 21 23 25 26 27 | 27.0

Action                   |  1- 3 |  4- 6 |  7- 9 | 10-12 | 13-15 | 16-18 | 19-21 | 22-24 | 25-27 || total
-------------------------+-------+-------+-------+-------+-------+-------+-------+-------+-------++-------
Melee: Executioner's axe |     1 |       |       |     1 |     4 |     8 |    11 |    16 |    14 ||    55
 Abil: Heal Wounds       |       |       |       |       |       |       |       |     1 |       ||     1
 Stab: Distracted        |       |       |       |       |       |     1 |       |       |       ||     1
Armor: Robe              |       |       |       |       |       |       |       |     1 |       ||     1
Dodge: Dodged            |       |       |       |     1 |       |       |       |     3 |     6 ||    10
